 Dungeon Crawl Stone Soup version 0.29-a0-356-g7bc237e783 (webtiles) character file.

Game seed: 2590169231490290160

85258 siradein the Geomancer (level 15, -7/104 HPs)
             Began as a White Draconian Earth Elementalist on Apr 26, 2022.
             Was a High Priest of Vehumet.
             Killed from afar by a blizzard demon (24 damage)
             ... with a bolt of lightning
             ... on level 2 of the Abyss on Apr 27, 2022.
             The game lasted 02:42:10 (40032 turns).

siradein the Geomancer (DrEE)                      Turns: 40032, Time: 02:42:10

Health: -7/104     AC: 21    Str: 12      XL:     15   Next: 37%
Magic:  29/29      EV: 18    Int: 26 (28) God:    Vehumet [*****.]
Gold:   926        SH: 15    Dex: 21      Spells: 7/34 levels left

rFire   . . .      SeeInvis +   R - staff of conjuration
rCold   + + +      Faith    .   S - +2 kite shield {rC+}
rNeg    . . .      Spirit   .   (body armour unavailable)
rPois   +          Reflect  .   H - +2 hat
rElec   .          Harm     .   y - +2 cloak
rCorr   .          Rampage  .   M - +2 pair of gloves {Str+3}
Will    +....                   x - +3 pair of boots of the Blacksmith {Str-5 Int+3 Dex+3 Stlth+}
Stlth   ++++......              w - amulet of regeneration
HPRegen 0.27/turn               D - ring "Vomua" {Drain rPois Dex+6 SInv}
MPRegen 0.21/turn               T - ring of Facedilo {rC+ Str+3 Int+3 Stlth-}

@: studying Stealth
A: breathe frost, AC +9, unfitting armour, cold resistance 1, cold-blooded,
[frail 2]
a: Breathe Frost, Renounce Religion


You were on level 2 of the Abyss.
You worshipped Vehumet.
Vehumet was extremely pleased with you.
You visited 4 branches of the dungeon, and saw 24 of its levels.
You visited the Abyss 1 time.
You visited 1 bazaar.
You also visited: Ice Cave.

You collected 2484 gold pieces.
You spent 1558 gold pieces at shops.

Inventory:

Hand Weapons
 W - a +2 hand crossbow of freezing
Missiles
 a - 802 stones
 p - 2 throwing nets
 u - 3 curare-tipped darts
Armour
 x - the +3 pair of boots of the Blacksmith (worn) {Str-5 Int+3 Dex+3 Stlth+}
   (You bought it in a shop in a bazaar)

   Str:       It affects your strength (-5).
   Int:       It affects your intelligence (+3).
   Dex:       It affects your dexterity (+3).
   Stlth:     It makes you more stealthy.
 y - a +2 cloak (worn)
 H - a +2 hat (worn)
 M - a +2 pair of gloves of strength (worn)
 S - a +2 kite shield of cold resistance (worn)
Magical Staves
 e - a staff of earth
 R - a staff of conjuration (weapon)
Jewellery
 o - an amulet of guardian spirit
 w - an amulet of regeneration (around neck)
 D - the ring "Vomua" (left hand) {Drain rPois Dex+6 SInv}
   (You acquired it on level 5 of the Lair of Beasts)

   [ring of see invisible]

   Dex:       It affects your dexterity (+6).
   rPois:     It protects you from poison.
   SInv:      It lets you see invisible.
   Drain:     It drains your maximum health when unequipped.
 E - a ring of resist corrosion
 T - the ring of Facedilo (right hand) {rC+ Str+3 Int+3 Stlth-}
   (You found it in an ice cave)

   [ring of protection from cold]

   Str:       It affects your strength (+3).
   Int:       It affects your intelligence (+3).
   rC:        It protects you from cold.
   Stlth:     It makes you less stealthy.
 U - a +4 ring of evasion
 X - an amulet of magic regeneration
 Z - a +6 ring of dexterity
Wands
 A - a wand of polymorph (3)
 J - a wand of paralysis (3)
 P - a wand of iceblast (14)
 Q - a wand of flame (2)
Scrolls
 d - 3 scrolls of immolation
 f - 5 scrolls of magic mapping
 g - 5 scrolls of fear
 i - 6 scrolls of fog
 l - 3 scrolls of torment
 n - 4 scrolls of enchant weapon
 v - 2 scrolls of silence
 F - 5 scrolls of amnesia
 G - 5 scrolls of blinking
 L - 3 scrolls of enchant armour
 N - a scroll of brand weapon
 Y - a scroll of summoning
Potions
 b - a potion of magic
 c - 12 potions of curing
 h - 4 potions of haste
 j - 5 potions of might
 k - 6 potions of flight
 m - 4 potions of resistance
 s - 7 potions of mutation
 t - 6 potions of lignification {unknown}
 B - a potion of cancellation {unknown}
 C - 2 potions of berserk rage
 I - a potion of invisibility {unknown}
 K - 7 potions of heal wounds
 O - 5 potions of brilliance {unknown}
Miscellaneous
 V - a phial of floods


   Skills:
 + Level 11.4 Fighting
 + Level 9.9 Dodging
 + Level 9.0 Stealth
 + Level 9.6 Shields
 + Level 10.0 Spellcasting
 + Level 10.4 Conjurations
 - Level 1.0 Transmutations
 + Level 7.1 Ice Magic
 + Level 13.2 Earth Magic
 + Level 6.0 Evocations


You had 7 spell levels left.
You knew the following spells:

 Your Spells              Type           Power      Damage    Failure   Level
a - Lee's Rapid Deconstr  Erth           34%        3d18*     1%          5
b - Stone Arrow           Conj/Erth      100%       3d13      1%          3
c - Frozen Ramparts       Ice            100%       1d12      1%          3
d - Ozocubu's Armour      Ice            50%        N/A       1%          3
e - Sandblast             Erth           100%       2d20      1%          1
f - Ozocubu's Refrigerat  Ice            25%        4d10      71%         7
g - Freezing Cloud        Conj/Ice/Air   30%        6-21      7%          5

Your spell library contained the following spells:

 Spells                   Type           Power      Damage    Failure   Level
 Passwall                 Tmut/Erth      40%        N/A       1%          2
 Static Discharge         Conj/Air       56%        N/A       1%          2
 Dazzling Flash           Conj/Hex       100%       N/A       1%          3
 Sticky Flame             Conj/Fire      56%        2d7       3%          4
 Petrify                  Tmut/Erth      49%        N/A       5%          4
 Beastly Appendage        Tmut           36%        N/A       7%          1
 Leda's Liquefaction      Hex/Erth       23%        N/A       7%          4
 Animate Skeleton         Necr           26%        N/A       11%         1
 Apportation              Tloc           26%        N/A       11%         1
 Summon Small Mammal      Summ           52%        N/A       11%         1
 Wereblood                Tmut           18%        N/A       11%         2
 Summon Ice Beast         Ice/Summ       31%        N/A       24%         4
 Spider Form              Tmut/Pois      15%        N/A       26%         3
 Gell's Gravitas          Tloc           13%        N/A       30%         3
 Teleport Other           Tloc           13%        N/A       30%         3
 Statue Form              Tmut/Erth      32%        N/A       65%         6
 Dispel Undead            Necr           13%        3d9       71%         4
 Agony                    Necr           13%        N/A       96%         5
 Silence                  Hex/Air        6%         N/A       96%         5
 Summon Mana Viper        Hex/Summ       13%        N/A       96%         5
 Dispersal                Tloc           6%         N/A       100%        6
 Monstrous Menagerie      Summ           6%         N/A       100%        7


Dungeon Overview and Level Annotations

Branches:
Dungeon (15/15)            Temple (1/1) D:5            Lair (6/6) D:9
 Shoals (0/4) Lair:2       Spider (0/4) Lair:3        Slime (0/5) Lair:6
    Orc (2/2) D:11            Elf (0/3) Orc:2        Vaults (0/5) D:13
 Depths (0/4) D:15          IceCv (visited)

Altars:
Ashenzari
Cheibriados
Dithmenos
Elyvilon
Fedhas
Gozag
Hepliaklqana
Kikubaaqudgha
Makhleb
Nemelex Xobeh
Okawaru
Qazlal
Ru
Sif Muna
Trog
Uskayaw
Vehumet
Wu Jian
Xom
Yredelemnul
Zin
The Shining One
Beogh

Shops:
D:4 *   Orc:2 !:?(

Portals:
Trove: D:12 (show slimy rune of Zot)

Annotations:
D:6 2 transporters, Hubjo's ghost, novice DEFE
D:15 Louise


Innate Abilities, Weirdness & Mutations

You can breathe waves of freezing cold which knock back foes.
Your icy white scales are hard. (AC +9)
You cannot fit into any form of body armour.
Your flesh is cold resistant. (rC+)
You are cold-blooded and may be slowed by cold attacks.
[You are very frail. (-20% HP)]


Message History

2 starspawn tentacles come into view.
The starspawn tentacle closely misses you.
You block the starspawn tentacle's attack.
The large abomination is lost in a daze.
A tentacle flies out from the starspawn's body!
A starspawn tentacle comes into view.
A tentacle flies out from the starspawn's body!
A starspawn tentacle comes into view.
A shadow demon comes into view.
The shadow demon gives a loud, deep croak!
A wraith comes into view.
The shadow demon attacks as you move away!
The shadow demon closely misses you.
The shadow demon attacks as you move away!
You block the shadow demon's attack.
The shadow demon gestures.
The shadow demon gestures.
The ynoxinul dissolves into shadows!
The large abomination dissolves into shadows!
The hellion gestures at you.
The sphere of damnation explodes!
The damnation engulfs you!!
The glowing orange brain pulsates.
You feel dopey. Something feeds on your intellect!
You hear an angry growl.
You hear a shout!
The crimson imp sputters.
A blizzard demon comes into view.
The hellion gestures at you.
The sphere of damnation explodes!
The damnation engulfs you!!
* * * LOW HITPOINT WARNING * * *
A small abomination comes into view.
You completely miss the blizzard demon. The blizzard demon closely misses you.
You block the blizzard demon's attack.
You hit the blizzard demon but do no damage.
You block the blizzard demon's attack. x2
The wretched star pulses with an eldritch light!
You feel frail. x2
The blizzard demon gestures at you. The bolt of lightning hits you!!
You die...

.# #....####..5#W##
#. #. #.
###...#.#*#..# # ##
## ###...5.#.. .# .
.
###.###.#.2.#..#.#.#
..#.#.#.#.##GW# ##.
# .
......#.#..###...##
#.#.x..#.........#
#..#...2...##....
#..@...#..# .
#..##2#####.... #..
.... #.#.. #..#.##
## # #..#..# ..##
#.. . .## .


You could see a blizzard demon, a glowing orange brain (summoned), a hellion
(summoned), a wraith, a small abomination and a crimson imp (summoned).

Vanquished Creatures
  Jorgrun (D:13)
  Gastronok (D:8)
  A fire giant (D:15)
  A frost giant (IceCv)
  Nessos (D:12)
  A fire dragon (D:15)
  Josephine (D:11)
  Erolcha (Orc:2)
  A boulder beetle (D:13)
  7 hydras
  3 catoblepae (Lair:6)
  4 two-headed ogres
  2 centaur warriors
  3 tengu warriors
  23 death yaks
  Nergalle (D:10)
  A sixfirhy (Abyss:2)
  A large abomination (Abyss:2)
  A wizard (D:13)
  A deep elf pyromancer (D:13)
  3 manticores
  2 orc knights (Orc:2)
  9 orc sorcerers (Orc:2)
  3 cyclopes
  2 ugly things
  Maurice (D:9)
  10 elephants
  An ice statue (IceCv)
  4 black mambas
  A gargoyle (D:12)
  2 torpor snails
  An efreet (D:14)
  10 cane toads
  A rime drake (Lair:2)
  8 komodo dragons
  A troll (shapeshifter) (D:15)
  5 trolls
  A harpy zombie (Abyss:2)
  A meliai (Lair:3)
  2 hornets
  3 blink frogs
  11 polar bears
  Prince Ribbit (D:5)
  9 slime creatures
  A raiju (Abyss:2)
  3 dream sheep
  A centaur simulacrum (D:14)
  6 wraiths
  A shadow (D:10)
  2 wyverns
  A yak (shapeshifter) (D:14)
  65 yaks
  A basilisk (D:15)
  2 vampires (D:11)
  A chaos spawn (Abyss:2)
  4 vampire mosquitoes (D:12)
  A steam dragon (D:6)
  3 wargs
  2 acid dragons
  Duvessa (D:5)
  15 water moccasins
  3 black bears
  19 orc warriors
  2 ice beasts (D:7)
  3 sky beasts
  20 wolves
  7 ogres
  3 centaurs
  8 kobold brigands
  A gnoll sergeant (D:8)
  11 bullfrogs
  A necrophage (D:5)
  7 scorpions
  A cane toad simulacrum (Lair:3)
  Dowan (D:5)
  3 small abominations (Abyss:2)
  12 wights
  19 killer bees
  4 howler monkeys
  An electric eel (Lair:3)
  A lava snake (D:14)
  A jelly (Lair:6)
  2 hounds (D:6)
  3 gnoll shamans
  13 orc priests
  Crazy Yiuf (D:5)
  40 orc wizards
  5 iguanas
  11 hell rats
  3 polar bear simulacra (Lair:3)
  A wolf simulacrum (Lair:3)
  29 gnolls
  8 adders
  8 river rats (Lair:6)
  2 shadow imps
  2 ufetubi
  3 worms
  4 dart slugs
  72 orcs
  8 bats
  12 endoplasms
  3 giant cockroaches
  7 goblins
  15 hobgoblins
  8 jackals
  54 kobolds
  3 quokkas
  5 ball pythons
  2 frilled lizards
  12 rats
  A fire vortex (D:14)
723 creatures vanquished.

Vanquished Creatures (others)
  2 death yaks (IceCv)
  A yak (IceCv)
  38 fungi
  51 plants
  23 starspawn tentacles (Abyss:2)
115 creatures vanquished.

Grand Total: 838 creatures vanquished

Notes
Turn   | Place    | Note
-------+----------+-------------------------------------------
     0 | D:1      | siradein the Draconian Earth Elementalist began the quest
                  | for the Orb.
     0 | D:1      | Reached XP level 1. HP: 14/14 MP: 3/3
   294 | D:1      | Reached XP level 2. HP: 20/20 MP: 3/5
   750 | D:1      | Reached skill level 4 in Earth Magic
  1318 | D:1      | Reached XP level 3. HP: 26/26 MP: 1/6
  1322 | D:1      | Learned a level 3 spell: Stone Arrow
  2043 | D:2      | Reached XP level 4. HP: 33/33 MP: 4/7
  2124 | D:2      | Reached skill level 5 in Earth Magic
  3375 | D:3      | Reached XP level 5. HP: 38/38 MP: 8/8
  3625 | D:3      | Reached skill level 6 in Earth Magic
  3745 | D:3      | Found a bloodstained altar of Trog.
  4181 | D:4      | Reached XP level 6. HP: 14/45 MP: 6/9
  4522 | D:4      | Found Oxteufac's Elemental Accessories.
  4646 | D:4      | Reached skill level 7 in Earth Magic
  5216 | D:4      | Noticed an orc warrior
  5946 | D:4      | Killed an orc warrior
  5947 | D:4      | Reached skill level 8 in Earth Magic
  5947 | D:4      | Your scales start taking on an icy white colour.
  5947 | D:4      | Reached XP level 7. HP: 50/50 MP: 0/10
  5947 | D:4      | Gained mutation: Your flesh is cold resistant. (rC+) [White
                  | Draconian growth]
  6627 | D:4      | Reached skill level 1 in Fighting
  6627 | D:4      | Reached skill level 1 in Conjurations
  7091 | D:5      | Entered Level 5 of the Dungeon
  7437 | D:5      | Reached XP level 8. HP: 61/61 MP: 5/12
  7607 | D:5      | Noticed Duvessa
  7614 | D:5      | Noticed Dowan
  7825 | D:5      | Killed Duvessa
  7935 | D:5      | Killed Dowan
  8204 | D:5      | Found a staircase to the Ecumenical Temple.
  8209 | Temple   | Entered the Ecumenical Temple
  8564 | D:5      | Noticed Prince Ribbit
  8573 | D:5      | Killed Prince Ribbit
  8574 | D:5      | Reached skill level 9 in Earth Magic
  8916 | D:5      | Found a runed translucent door.
  8917 | D:5      | Noticed Crazy Yiuf
  9031 | D:5      | Killed Crazy Yiuf
  9099 | D:6      | Reached XP level 9. HP: 71/71 MP: 5/15
  9825 | D:6      | Noticed a queen bee
  9882 | D:6      | Noticed Hubjo's ghost (novice DEFE)
 10138 | D:6      | Reached skill level 1 in Shields
 10403 | D:6      | Reached skill level 5 in Fighting
 10744 | D:6      | Reached skill level 5 in Spellcasting
 10879 | D:6      | Found a transporter.
 10885 | D:6      | Found a transporter.
 11012 | D:7      | Reached skill level 5 in Dodging
 11175 | D:7      | Reached skill level 5 in Conjurations
 11355 | D:7      | Reached XP level 10. HP: 70/82 MP: 8/17
 12560 | D:8      | Noticed Gastronok
 12662 | D:8      | Found a radiant altar of Vehumet.
 12682 | D:8      | Became a worshipper of Vehumet
 12749 | D:8      | Reached skill level 10 in Earth Magic
 12910 | D:8      | Killed Gastronok
 13627 | D:8      | Found a shimmering altar of Xom.
 13632 | D:8      | Found a basalt altar of Yredelemnul.
 13637 | D:8      | Found an opulent altar of Gozag.
 13842 | D:9      | Noticed Maurice
 14021 | D:9      | Noticed a death yak
 14218 | D:9      | Found a staircase to the Lair.
 14219 | D:9      | Noticed a death yak
 14444 | D:9      | Killed Maurice
 14550 | D:9      | Noticed a death yak
 14631 | D:9      | Killed a death yak
 14853 | D:9      | Reached XP level 11. HP: 91/91 MP: 13/20
 15196 | D:9      | Noticed a two-headed ogre
 15205 | D:9      | Killed a two-headed ogre
 15591 | D:9      | Killed a death yak
 15592 | D:9      | Reached skill level 5 in Shields
 16059 | D:9      | Killed a death yak
 16226 | D:9      | Noticed a two-headed ogre
 16268 | D:9      | Killed a two-headed ogre
 16585 | D:9      | Reached * piety under Vehumet
 16585 | D:9      | Offered knowledge of Shock by Vehumet.
 17003 | D:9      | Found a staircase to the Lair.
 17587 | D:10     | Entered Level 10 of the Dungeon
 17979 | D:10     | Noticed a two-headed ogre
 17990 | D:10     | Killed a two-headed ogre
 17991 | D:10     | Reached skill level 11 in Earth Magic
 18186 | D:10     | Noticed Nergalle
 18194 | D:10     | Killed Nergalle
 18337 | D:10     | Found a shimmering blue altar of Sif Muna.
 18718 | D:10     | Found a sacrificial altar of Ru.
 18784 | D:10     | Found a burning altar of Makhleb.
 18784 | D:10     | Noticed an Executioner
 19035 | D:11     | Found a staircase to the Orcish Mines.
 19223 | D:11     | Noticed Josephine
 19630 | D:11     | Killed Josephine
 19631 | D:11     | Reached XP level 12. HP: 52/101 MP: 1/23
 20072 | Lair:1   | Entered Level 1 of the Lair of Beasts
 21218 | Lair:1   | Offered knowledge of Searing Ray by Vehumet.
 21612 | Lair:2   | Reached ** piety under Vehumet
 22860 | Lair:2   | Found a staircase to the Shoals.
 23275 | Lair:3   | Noticed a death yak
 23275 | Lair:3   | Noticed a death yak
 23275 | Lair:3   | Noticed a death yak
 23275 | Lair:3   | Noticed a death yak
 23275 | Lair:3   | Noticed a death yak
 23284 | Lair:2   | Killed a death yak
 23565 | Lair:3   | Found a frozen archway.
 23644 | IceCv    | Entered an ice cave
 23689 | IceCv    | Offered knowledge of Frozen Ramparts by Vehumet.
 23694 | IceCv    | Learned a level 3 spell: Frozen Ramparts
 23952 | IceCv    | Reached skill level 1 in Evocations
 24155 | IceCv    | Reached skill level 1 in Ice Magic
 24768 | IceCv    | Reached *** piety under Vehumet
 24888 | IceCv    | Reached XP level 13. HP: 111/111 MP: 13/25
 25524 | IceCv    | Reached skill level 12 in Earth Magic
 25728 | IceCv    | Noticed a frost giant
 25821 | IceCv    | Killed a frost giant
 25821 | IceCv    | Offered knowledge of Inner Flame by Vehumet.
 26214 | IceCv    | Identified the ring of Facedilo {rC+ Str+3 Int+3 Stlth-}
 28004 | Lair:3   | Reached **** piety under Vehumet
 28005 | Lair:3   | Reached skill level 10 in Fighting
 28064 | Lair:3   | Offered knowledge of Olgreb's Toxic Radiance by Vehumet.
 28100 | Lair:3   | Found a hole to the Spider Nest.
 28189 | Lair:3   | Reached skill level 5 in Stealth
 30225 | Lair:5   | Reached XP level 14. HP: 73/122 MP: 12/27
 31174 | Lair:5   | Reached ***** piety under Vehumet
 31365 | Lair:5   | Identified a scroll of acquirement
 31370 | Lair:5   | Acquired the ring "Vomua" {Drain rPois Dex+6 SInv}
 31612 | Lair:6   | Entered Level 6 of the Lair of Beasts
 31658 | Lair:6   | Reached skill level 5 in Ice Magic
 31819 | Lair:6   | Offered knowledge of Irradiate by Vehumet.
 32086 | Lair:6   | Found a staircase to the Slime Pits.
 33658 | D:12     | Reached skill level 5 in Evocations
 33927 | D:12     | Noticed Nessos
 34003 | D:12     | Killed Nessos
 34314 | D:12     | Found a gateway to a bazaar.
 34361 | D:12     | Found a portal to a secret trove of treasure.
 34519 | Bazaar   | Entered a bazaar
 34519 | Bazaar   | Found Wiazybuc's Book Shop.
 34519 | Bazaar   | Found Xaotinof's General Store.
 34519 | Bazaar   | Found Wenyo's Jewellery Shop.
 34521 | Bazaar   | Found Qipt's Antique Armour Shoppe.
 34521 | Bazaar   | Found Anleimesych's Jewellery Boutique.
 34541 | Bazaar   | Bought a potion of mutation for 72 gold pieces
 34555 | Bazaar   | Bought a book of the Earth for 288 gold pieces
 34561 | Bazaar   | Bought a pair of steaming boots for 171 gold pieces
 34561 | Bazaar   | Identified the +3 pair of boots of the Blacksmith {Str-5
                  | Int+3 Dex+3 Stlth+} (You bought it in a shop in a bazaar)
 34576 | Bazaar   | Bought a pair of glowing gloves for 135 gold pieces
 34587 | Bazaar   | Bought a pair of embroidered gloves for 135 gold pieces
 34671 | Orc:1    | Entered Level 1 of the Orcish Mines
 34749 | Orc:1    | Learned a level 5 spell: Lee's Rapid Deconstruction
 34755 | Orc:2    | Entered Level 2 of the Orcish Mines
 34837 | Orc:2    | Reached skill level 10 in Conjurations
 34849 | Orc:2    | Offered knowledge of Flame Wave by Vehumet.
 34869 | Orc:2    | Found a staircase to the Elven Halls.
 35018 | Orc:2    | Found Ungamid's Distillery.
 35056 | Orc:2    | Bought a potion of degeneration for 14 gold pieces
 35056 | Orc:2    | Bought a potion of heal wounds for 70 gold pieces
 35056 | Orc:2    | Bought a potion of attraction for 42 gold pieces
 35056 | Orc:2    | Bought a potion of berserk rage for 70 gold pieces
 35071 | Orc:2    | Found an ancient bone altar of Kikubaaqudgha.
 35074 | Orc:2    | Paralysed by an orc sorcerer for 7 turns
 35134 | Orc:2    | Found Pusuxoas's Magic Scroll Shoppe.
 35136 | Orc:2    | Noticed Erolcha
 35405 | Orc:2    | Bought a scroll of noise for 18 gold pieces
 35405 | Orc:2    | Bought a scroll of identify for 36 gold pieces
 35405 | Orc:2    | Bought a scroll of identify for 36 gold pieces
 35405 | Orc:2    | Bought a scroll of enchant armour for 135 gold pieces
 35416 | Orc:2    | Killed Erolcha
 35466 | Orc:2    | Found a radiant altar of Vehumet.
 35515 | Orc:2    | Found Utwuer's Antique Weapon Emporium.
 35562 | Orc:2    | Found Edik's Book Shoppe.
 35574 | Orc:2    | Bought Ozocubu's Autobiography for 336 gold pieces
 35578 | Orc:2    | Learned a level 3 spell: Ozocubu's Armour
 35586 | Orc:2    | Learned a level 7 spell: Ozocubu's Refrigeration
 35653 | Orc:2    | Reached skill level 13 in Earth Magic
 36348 | Orc:1    | Reached XP level 15. HP: 129/129 MP: 20/28
 36436 | Orc:1    | Offered knowledge of Freezing Cloud by Vehumet.
 36629 | Orc:1    | Learned a level 5 spell: Freezing Cloud
 37382 | D:13     | Noticed Jorgrun
 37403 | D:13     | Killed Jorgrun
 37668 | D:13     | Found a broken altar of Ashenzari.
 37863 | D:13     | Found a gate to the Vaults.
 39270 | D:15     | Entered Level 15 of the Dungeon
 39363 | D:15     | Found a staircase to the Depths.
 39363 | D:15     | Noticed a fire giant
 39377 | D:15     | Killed a fire giant
 39378 | D:15     | Reached skill level 10 in Spellcasting
 39395 | D:15     | Noticed Louise
 39408 | D:15     | Cast into level 2 of the Abyss (Louise)
 39556 | Abyss:2  | Noticed a tentacled monstrosity
 39646 | Abyss:2  | Found an iron altar of Okawaru.
 39654 | Abyss:2  | Noticed a tentacled starspawn
 39657 | Abyss:2  | Noticed a tentacled starspawn
 39839 | Abyss:2  | Found a corrupted altar of Lugonu.
 39909 | Abyss:2  | Noticed a tentacled starspawn
 39943 | Abyss:2  | Found a radiant altar of Vehumet.
 40032 | Abyss:2  | Killed from afar by a blizzard demon

Illustrated notes

Levels and vault maps discovered:
D:1:      elethiomel_arrival_infinity_welcomes_careful_drivers,
          layout_loops_ring, serial_forest, infiniplex_forest_lined_3,
          infiniplex_forest_3_way, infiniplex_forest_end_1,
          infiniplex_forest_straight_2, infiniplex_forest_straight_2,
          infiniplex_forest_clump_tiny, infiniplex_forest_clump_C,
          minmay_tetromino_l2
D:2:      layout_basic
D:3:      layout_basic, mainiacjoe_overflow_surrounded_room
D:4:      minmay_goblin_kobold_castle, layout_loops_corners,
          nicolae_elemental_shop
D:5:      layout_cave_pools, temple_doors_ab, hex_tiny, kennysheep_small_square,
          uniq_prince_ribbit1, uniq_duvessa, uniq_crazy_yiuf_cottage
D:6:      layout_loops_ring, gammafunk_ghost_hive, minmay_manual_monstrance
D:7:      layout_basic
D:8:      layout_cave_pods, mainiacjoe_overflow_catwalk,
          minmay_overflow_temple_star_quad, uniq_gastronok
D:9:      layout_stronghold, dpeg_lair_monsters, serial_column_ruins,
          column_ruins_hut, column_ruins_columns_T, column_ruins_open_small,
          column_ruins_open_medium, column_ruins_open_tiny,
          column_ruins_open_small_water, column_ruins_grid_1,
          column_ruins_corridor_dead_end, uniq_maurice
D:10:     layout_long_grid, makhleb_altar_promises_db,
          grunt_temple_overflow_open, kennysheep_generic_room_3, uniq_nergalle
D:11:     layout_cave_pools, orc_0_dummy, minmay_unpleasant_kobolds,
          uniq_josephine
D:12:     layout_rooms, serial_shops, bzr_entry_lakeside,
          nicolae_trove_entry_isolated, uniq_nessos
D:13:     layout_big_octagon, david_vaults_1, ashenzari_conservatory_becter,
          uniq_jorgrun
D:14:     layout_stronghold, grunt_decor_junction
D:15:     grunt_enter_depths_giant_problem, layout_irregular_city,
          chequers_serial_rivers_large_a, uniq_louise
Temple:   dpeg_chambers_temple
Lair:1:   layout_chaotic_city
Lair:2:   layout_regular_city, shoals_dummy_entry,
          chequers_serial_rivers_large_b, serial_bayou_shore_b
Lair:3:   layout_loops_ring, hellmonk_spider_entry_not_the_bees,
          portal_ice_cave_entry_ice_simulacra, serial_bayou_shore_a
Lair:4:   layout_long_grid, serial_bayou, serial_bayou_lagoon_a,
          serial_bayou_pond_a, serial_bayou_pond_d, serial_bayou_pond_d
Lair:5:   layout_loops_ring, dreamdust_gnoll_shepherd,
          infiniplex_staircase_pool_2, grunt_megastairs_2
Lair:6:   evilmike_catoblepas_cave, layout_cave_pods,
          nicolae_slime_entry_slimehenge, kennysheep_rathole
Orc:1:    layout_caves, basic_altar
Orc:2:    kennysheep_orc_mage_school, layout_diamond_mine
Abyss:2:  base: D:11, evilmike_abyss_exit_14, evilmike_abyss_exit_2,
          hangedman_abyss_sting, hangedman_abyss_sting, evilmike_abyss_exit_15,
          evilmike_abyss_exit_4, minivault_13

Skill      XL: |  1  2  3  4  5  6  7  8  9 10 11 12 13 14 15 |
---------------+----------------------------------------------+-----
Earth Magic    | 4 5 6 8 9 10 11 12 13 | 13.2
Dodging        | 2 4 5 6 7 8 9 |  9.9
Fighting       | 2 4 5 6 8 9 10 11 | 11.4
Conjurations   | 2 3 5 6 7 8 9 10 | 10.4
Spellcasting   | 4 5 6 7 8 9 10 | 10.0
Shields        | 2 4 6 7 8 9 |  9.6
Stealth        | 3 6 8 9 |  9.0
Evocations     | 1 4 5 6 |  6.0
Ice Magic      | 1 4 6 7 |  7.1
Transmutations | |  1.0

Action                   |  1- 3 |  4- 6 |  7- 9 | 10-12 | 13-15 || total
-------------------------+-------+-------+-------+-------+-------++-------
Melee: Rapier            |       |   207 |    67 |    53 |       ||   327
       Tailslap          |       |    20 |     8 |    35 |    50 ||   113
       Punch             |       |     1 |       |       |       ||     1
       Spear             |       |       |       |    60 |       ||    60
       Staff             |       |       |       |   121 |   202 ||   323
 Fire: Hand crossbow     |       |       |       |       |     2 ||     2
 Cast: Sandblast         |    61 |    44 |       |     8 |     3 ||   116
       Stone Arrow       |       |    11 |   120 |   408 |   616 ||  1155
       Frozen Ramparts   |       |       |       |       |    51 ||    51
       Lee's Rapid Decon |       |       |       |       |    29 ||    29
       Ozocubu's Armour  |       |       |       |       |    10 ||    10
       Freezing Cloud    |       |       |       |       |    25 ||    25
 Abil: Breathe Frost     |       |       |    34 |    43 |    27 ||   104
  Use: Scroll            |       |     3 |     3 |     5 |    20 ||    31
       Potion            |       |       |       |       |     1 ||     1
 Stab: Sleeping          |       |     1 |       |       |       ||     1
Armor: Skin              |     2 |   130 |    51 |   160 |   234 ||   577
Dodge: Dodged            |     7 |   171 |    94 |   258 |   408 ||   938
Block: Kite shield       |       |       |    19 |   276 |   472 ||   767

Table legend: (Time is in decaauts)
 A = Elapsed time spent in this place.
 B = Non-inter-level travel time spent in this place.
 C = Inter-level travel time spent in this place.
 D = Time resting spent in this place.
 E = Time spent auto-exploring this place.
 F = Levels seen in this place.
 G = Mean time per level.
                   A        B        C        D        E       F      G
               +--------+--------+--------+--------+--------+-----+--------+
         Total |  40408 |  38697 |   1711 |   3383 |  27401 |  27 | 1496.6 |
       Dungeon |  23857 |  22659 |   1198 |   1831 |  16648 |  15 | 1590.5 |
        Temple |    262 |    262 |      0 |      0 |    226 |   1 |  262.0 |
          Lair |  10078 |   9628 |    450 |   1219 |   6898 |   6 | 1679.7 |
  Orcish Mines |   2341 |   2279 |     62 |    238 |   1473 |   2 | 1170.5 |
         Abyss |    631 |    631 |      0 |      0 |      0 |   1 |  631.0 |
        Bazaar |     89 |     89 |      0 |      0 |     32 |   1 |   89.0 |
      Ice Cave |   3145 |   3145 |      0 |     95 |   2124 |   1 | 3145.0 |
               +--------+--------+--------+--------+--------+-----+--------+

Top non-repeatable levels by time:
     D:9: 3849 daAuts
     D:4: 3542 daAuts
   IceCv: 3145 daAuts
  Lair:2: 1966 daAuts
     D:8: 1953 daAuts
  Lair:6: 1945 daAuts
     D:6: 1848 daAuts
  Lair:4: 1698 daAuts
  Lair:1: 1578 daAuts
  Lair:3: 1559 daAuts
     D:5: 1478 daAuts
    D:10: 1441 daAuts
     D:1: 1425 daAuts
   Orc:2: 1422 daAuts
     D:3: 1397 daAuts
